 Dungeon Crawl Stone Soup version 0.27.0-1-g7a089689b8 (webtiles) character file.

Game seed: 989098253077571374

147 SnakkuSnakku7 the Chopper (level 5, -4/43 HPs)
             Began as a Palentonga Chaos Knight on Aug 4, 2021.
             Was a Plaything of Xom.
             Slain by a gnoll (7 damage)
             ... on level 3 of the Dungeon.
             The game lasted 00:02:31 (2232 turns).

SnakkuSnakku7 the Chopper (Palentonga Chaos Knight) Turns: 2232, Time: 00:02:32

Health: -4/43      AC:  8    Str: 16    XL:     5   Next: 7%
Magic:  5/5        EV:  9    Int: 13    God:    Xom [..*...]
Gold:   112        SH:  0    Dex:  9    Spells: 4/4 levels left

rFire    + . .     SeeInvis +   a - +0 war axe
rCold    + . .     Faith    .   (no shield)
rNeg     . . .     Spirit   .   b - +2 leather armour
rPois    +         Reflect  .   h - +0 helmet
rElec    +         Harm     .   (no cloak)
rCorr    +         Rampage  .   d - +0 pair of gloves
Will     .....                  (no barding)
Stlth    +.........             e - amulet of the acrobat
HPRegen  0.14/turn              (no ring)
MPRegen  0.09/turn              (no ring)

@: resistant
A: large, rugged brown scales 3, see invisible, deformed body, roll 1, armoured
tail
a: Rolling Charge, Renounce Religion


You were on level 3 of the Dungeon.
You worshipped Xom.
You were a toy of Xom.
You visited 1 branch of the dungeon, and saw 3 of its levels.

You collected 112 gold pieces.

Inventory:

Hand Weapons
 a - a +0 war axe (weapon)
 l - a +0 hand axe of chaos
Armour
 b - a +2 leather armour (worn)
 d - a +0 pair of gloves (worn)
 h - a +0 helmet (worn)
Jewellery
 e - an amulet of the acrobat (around neck)
Wands
 j - a wand of mindburst (8)
Scrolls
 c - a scroll of teleportation {unknown}
 g - a scroll of identify {unknown}
 i - a scroll of fog
 k - 3 scrolls of blinking {unknown}


   Skills:
 - Level 3.0 Fighting
 + Level 5.8 Axes
 - Level 1.5 Armour
 - Level 0.7 Dodging


You had 4 spell levels left.
You didn't know any spells.
Your spell library contained the following spells:

 Spells                   Type           Power      Damage    Failure   Level
 Gell's Gravitas          Tloc           0%         N/A       75%         3
 Teleport Other           Tloc           0%         N/A       75%         3
 Dispersal                Tloc           0%         N/A       100%        6


Dungeon Overview and Level Annotations

Branches:
Dungeon (3/15)

Altars:


Innate Abilities, Weirdness & Mutations

You are completely covered in rugged brown scales. (AC +3, +7% HP)
You have supernaturally acute eyesight. (SInv)
Armour fits poorly on your strangely shaped body.
You can roll at nearby foes to attack.
You have a long armoured tail.


Message History

The gnoll's mind is blasted!
You blow up the gnoll!
The howler monkey hits you.
The gnoll hits you from afar with a +0 halberd.
* * * LOW HITPOINT WARNING * * *
Unknown command.
Aiming: Mindburst
Press: ? - help, Shift-Dir - straight line, f - gnoll
Aim: a gnoll, wielding a +0 flail (black smoke, chance to affect: 73%)
The gnoll struggles to resist.
Xom smirks.
You detect creatures!
The howler monkey barely misses you. The gnoll hits you with a +0 flail!
* * * LOW HITPOINT WARNING * * *
The howler monkey hoots and howls with incredible vigour!
The gnoll closely misses you.
Unknown command.
Aiming: Mindburst
Press: ? - help, Shift-Dir - straight line, f/p - gnoll
Aim: a gnoll, wielding a +0 flail (black smoke, chance to affect: 73%)
The gnoll's mind is blasted!!
You blow up the gnoll!
The howler monkey hits you but does no damage.
The gnoll barely misses you.
You have reached level 5!
It was a potion of resistance.
You feel protected.
Xom thinks this is hilarious!
The howler monkey hits you but does no damage.
The gnoll closely misses you. "See what I see, my child!"
You feel aware of your surroundings.
Items here: )) ? [.
The howler monkey hits you but does no damage.
The howler monkey hits you but does no damage.
There is a stone staircase leading up, spattered with blood here.
The howler monkey hoots and howls with incredible vigour!
The gnoll hits you from afar with a +0 halberd!
You die...
Xom bursts into laughter!

#..# #...##...# #[#
#..# #...##.### ##.#
#..# #.[<...# ##
###..# ##..#
#....###..#####...##
#..†#
#.)..###......r.###.
#Y#.#
#...##.........## .
#.#§#
#....#<#.#####.#
#.#§# #...)#.#.# #..
#.#§# #.h@...#.# ##.
#.#§###g.....#.# .#
#.#§§.Y.####...# .#
#.#..#### ##..# ..
#.#.(# ##.#* * ,
#.#..# #..# ###.#..#
#..# *, #$.....#
#.># , #......#
*...#*


You could see an ice beast, a howler monkey (invisible, catching breath) and a
gnoll.

Vanquished Creatures
  An orc priest (D:2)
  3 adders (D:3)
  3 gnolls (D:3)
  3 worms
  3 orcs
  2 bats (D:1)
  4 endoplasms
  10 giant cockroaches
  2 jackals (D:1)
  3 quokkas
  3 ball pythons (D:1)
  2 frilled lizards (D:1)
  4 goblins
  4 kobolds (D:1)
  3 rats (D:1)
50 creatures vanquished.

Notes
Turn   | Place    | Note
-------+----------+-------------------------------------------
     0 | D:1      | SnakkuSnakku7 the Palentonga Chaos Knight began the quest
                  | for the Orb.
     0 | D:1      | Reached XP level 1. HP: 19/19 MP: 1/1
   467 | D:1      | Found a faded altar of an unknown god.
   504 | D:1      | Reached XP level 2. HP: 19/25 MP: 2/2
   680 | D:1      | Reached skill level 4 in Axes
   799 | D:1      | XOM: divination: magic mapping
  1022 | D:2      | Reached XP level 3. HP: 28/31 MP: 3/3
  1052 | D:2      | XOM: divination: detect items
  1506 | D:2      | XOM: silly message
  1606 | D:3      | XOM: silly message
  1631 | D:3      | XOM: noise
  1812 | D:2      | Reached skill level 5 in Axes
  1812 | D:2      | Reached XP level 4. HP: 35/37 MP: 4/4
  2194 | D:3      | XOM: divination: detect items
  2196 | D:3      | Noticed an ice beast
  2200 | D:3      | XOM: enchant monster (bad)
  2222 | D:3      | XOM: divination: detect creatures
  2224 | D:3      | Reached XP level 5. HP: 2/43 MP: 5/5
  2225 | D:3      | XOM: divination: magic mapping
  2232 | D:3      | Slain by a gnoll

Illustrated notes

Levels and vault maps discovered:
D:1:      pf_arrival_petrified_forest, layout_basic,
          dreamdust_ecumenical_altar_statues,
          hangedman_abyss_or_decor_lesser_grid
D:2:      minmay_roachtagon, layout_basic
D:3:      layout_rooms

Skill      XL: |  1  2  3 |
---------------+----------+-----
Axes           | 4 5 |  5.8
Fighting       | |  3.0
Armour         | |  1.5
Dodging        | |  0.7

Action                   |  1- 3 |  4- 6 || total
-------------------------+-------+-------++-------
Melee: Hand axe          |    94 |       ||    94
       Tailslap          |    16 |     1 ||    17
       War axe           |     6 |    30 ||    36
 Abil: Rolling Charge    |     2 |     1 ||     3
Evoke: Wand              |       |     5 ||     5
  Use: Scroll            |       |     1 ||     1
       Potion            |       |     1 ||     1
Armor: Leather armour    |    52 |    25 ||    77
Dodge: Dodged            |    63 |    27 ||    90
